 Dungeon Crawl Stone Soup version 0.31.0-11-ge490571c62 (webtiles) character file.

Game seed: 12499919094455220139

28 Gadfly the Trooper (level 3, 28/29 HPs)
             Began as a Demonspawn Monk on Feb 2, 2024.
             Quit the game on level 1 of the Dungeon.
             The game lasted 00:00:38 (381 turns).

Gadfly the Trooper (Demonspawn Monk)                 Turns: 381, Time: 00:00:39

Health: 28/29      AC:  2    Str: 13    XL:     3   Next: 0%
Magic:  3/3        EV: 13    Int: 10    God:
Gold:   19         SH:  0    Dex: 15    Spells: 2/2 levels left

rFire   . .          .
                       - Unarmed
rCold   . . .        c - orb {light}
rNeg    . . .        a - +0 robe
rPois   .            (no helmet)
rElec   .            (no cloak)
rCorr   .            (no gloves)
SInv    .            (no boots)
Will    +....        (no amulet)
Stlth   +            d - ring of willpower
HPRegen 0.24/turn    (no ring)
MPRegen 0.08/turn

%: no passive effects
@: glowing
A: foul stench 1, demonic magic 1
a: no special abilities


You were on level 1 of the Dungeon.
You visited 1 branch of the dungeon, and saw 1 of its levels.

You collected 19 gold pieces.

Inventory:

Armour
 a - a +0 robe (worn)
 c - an orb of light (worn)
Jewellery
 d - a ring of willpower (left hand)
Scrolls
 e - a scroll of amnesia {unknown}
Potions
 b - a potion of ambrosia


   Skills:
 - Level 3.0 Fighting
 + Level 2.9 Dodging
 * Level 3.0 Unarmed Combat
 * Level 1.1 Evocations
 * Level 1.0 Shapeshifting


You had 2 spell levels left.
You didn't know any spells.
Your spell library was empty.

Dungeon Overview and Level Annotations

Branches:
Dungeon (1/15)

Altars:


Innate Abilities, Weirdness & Mutations

You may rarely emit foul miasma when damaged in melee.
Spells you cast may paralyse adjacent enemies.


Message History

You are too injured to fight recklessly!
You are too injured to fight recklessly!
You are too injured to fight recklessly!
You are too injured to fight recklessly!
You are too injured to fight recklessly!
You are too injured to fight recklessly!
You barely miss the quokka.
The quokka is almost dead.
The quokka bites you.
* * * LOW HITPOINT WARNING * * *
You hit the quokka.
You kill the quokka!
Your Shapeshifting skill increases to level 1!
You start resting.
HP restored.
d - a ring of willpower (left hand)
Found a stone staircase leading down.
Found a short sword.
No target in view!
A goblin comes into view. It is wielding a +0 dagger.
Found a battleaxe.
No target in view!
No target in view!
No target in view!
No target in view!
No target in view!
No target in view!
The goblin misses you.
You barely miss the goblin. The goblin hits you but does no damage.
You hit the goblin.
The goblin is severely wounded.
The goblin hits you with a +0 dagger.
You punch the goblin!
You kill the goblin!
You have reached level 3!
Your experience leads to an increase in your attributes!
Increase (S)trength, (I)ntelligence, or (D)exterity?
You feel stronger. x2; Your demonic ancestry asserts itself...
A menacing aura infuses your magic.
Are you sure you want to abandon this character and quit the game? (Confirm with "yes".)

........# .......#
.. ..........# ..
.........# . .##
.>.......#.. ..
#.##..#..... #.
#.#.)...##
#.##.#.@#...###
#...........)..
##.......).....
#..###...♣♣♣♣♣
#.##..# #..♣P.P
#.#...# #.....P
#...#.# #..♣PPPP
#..#†.##....♣♣♣♣
#..#†#....#..#####


There were no monsters in sight!

Vanquished Creatures
  A dart slug (D:1)
  2 bats (D:1)
  4 endoplasms (D:1)
  4 goblins (D:1)
  A hobgoblin (D:1)
  4 quokkas (D:1)
  2 ball pythons (D:1)
  2 kobolds (D:1)
  2 rats (D:1)
22 creatures vanquished.

Notes
Turn   | Place    | Note
-------+----------+-------------------------------------------
     0 | D:1      | Gadfly the Demonspawn Monk began the quest for the Orb.
     0 | D:1      | Reached XP level 1. HP: 18/18 MP: 1/1
   102 | D:1      | Gained mutation: You may rarely emit foul miasma when
                  | damaged in melee. [demonic ancestry]
   102 | D:1      | Reached XP level 2. HP: 21/24 MP: 2/2
   206 | D:1      | Reached skill level 1 in Evocations
   291 | D:1      | Reached skill level 1 in Shapeshifting
   381 | D:1      | Gained mutation: Spells you cast may paralyse adjacent
                  | enemies. [demonic ancestry]
   381 | D:1      | Reached XP level 3. HP: 28/29 MP: 3/3
   381 | D:1      | Quit the game

Illustrated notes

Levels and vault maps discovered:
D:1:      saegor_arrival_simple_e, layout_rooms,
          hellmonk_ecumenical_altar_slurped_away, serial_forest,
          infiniplex_forest_end_2, infiniplex_forest_split,
          infiniplex_forest_corner_1, infiniplex_forest_end_1,
          infiniplex_forest_end_1, infiniplex_forest_split, minmay_tromino_v2

Skill      XL: |  1  2 |
---------------+-------+-----
Unarmed Combat | 3 |  3.0
Evocations     | 1 |  1.1
Shapeshifting  | 1 |  1.0
Fighting       | |  3.0
Dodging        | |  2.9

Action                     || total
---------------------------++-------
  Melee: Unarmed           ||    62
 Armour: Robe              ||    31
  Dodge: Dodged            ||    57
